 Dungeon Crawl Stone Soup version 0.22-a0-379-ga9d99d6 (webtiles) character file.

31104 galech the Cleaver (level 13, -6/104 HPs)
             Began as a Gnoll Wanderer on Apr 28, 2018.
             Was the Champion of Okawaru.
             Mangled by a freezing wraith (10 damage)
             ... on level 4 of the Lair of Beasts.
             The game lasted 00:48:08 (17976 turns).

galech the Cleaver (Gnoll Wanderer)                Turns: 17976, Time: 00:48:09

Health: -6/104     AC: 13    Str: 18    XL:     13   Next: 56%
Magic:  25/25      EV: 18    Int: 14    God:    Okawaru [******]
Gold:   1464       SH:  0    Dex: 17    Spells: 26/28 levels left

rFire    + . .     SeeInvis .     - Unarmed
rCold    + + .     Gourm    .   (no shield)
rNeg     . . .     Faith    .   M - +1 robe {rC+ rF+}
rPois    .         Spirit   .   Z - +2 helmet
rElec    .         Reflect  .   W - +2 cloak
rCorr    .         Harm     +   (no gloves)
MR       .....                  (no boots)
Stlth    ++++......             k - amulet of harm
HPRegen  0.27/turn              L - ring of protection from cold
MPRegen  0.19/turn              Y - +3 ring of protection

@: slowed, very slow
A: distributed training, fangs 1, strong nose
a: Heroism, Finesse, Renounce Religion


You were on level 4 of the Lair of Beasts.
You worshipped Okawaru.
Okawaru was exalted by your worship.
You were not hungry.

You visited 4 branches of the dungeon, and saw 18 of its levels.
You also visited: Ice Cave.

You collected 1464 gold pieces.

Inventory:

Hand Weapons
 A - the +2 quarterstaff of Calamity {freeze, Str+2}
   (You found it on level 5 of the Dungeon)

   It has been specially enchanted to freeze those struck by it, causing extra
   injury to most foes and up to half again as much damage against particularly
   susceptible opponents.
   It can also slow down cold-blooded creatures.
   It affects your strength (+2).
 P - the +7 hunting sling of the Aged Friends {venom, Dex+4}
   (You found it on level 8 of the Dungeon)

   It poisons the ammo it fires.
   It affects your dexterity (+4).
 S - a +0 executioner's axe
Missiles
 Q - 68 stones (quivered)
 R - 59 sling bullets
Armour
 g - a +0 large shield
 y - the +1 pair of gloves "Qikk" {rC- rN+ Str+3 Dex+4}
   (You found it on level 4 of the Dungeon)

   It affects your strength (+3).
   It affects your dexterity (+4).
   It makes you vulnerable to cold.
   It protects you from negative energy.
 I - a +0 plate armour
 M - a +1 robe of resistance (worn)
 W - a +2 cloak (worn)
 Z - a +2 helmet (worn)
Jewellery
 b - an uncursed ring of resist corrosion
 h - a +2 ring of intelligence
 k - an amulet of harm (around neck)
 r - an uncursed ring of wizardry
 D - a +3 ring of strength
 L - a ring of protection from cold (left hand)
 U - a +1 ring of evasion
 Y - a +3 ring of protection (right hand)
Wands
 a - a wand of polymorph (9)
 n - a wand of enslavement (29)
 o - a wand of digging (22)
 v - a wand of iceblast (27)
 w - a wand of clouds (8)
 C - a wand of disintegration (8)
Scrolls
 e - 6 scrolls of teleportation
 i - 13 scrolls of remove curse
 l - 4 scrolls of brand weapon {unknown}
 m - 3 scrolls of enchant armour
 q - a scroll of torment {unknown}
 u - 4 scrolls of amnesia
 x - 2 scrolls of immolation {unknown}
 E - a scroll of enchant weapon
 F - 4 scrolls of blinking
 J - a scroll of fear
 O - a scroll of magic mapping
Potions
 f - a potion of berserk rage {unknown}
 j - 2 potions of magic {unknown}
 p - 5 potions of brilliance {unknown}
 s - a potion of agility {unknown}
 t - a potion of might {unknown}
 z - 2 potions of degeneration {unknown}
 B - 3 potions of lignification {unknown}
 G - 2 potions of ambrosia {unknown}
 H - a potion of resistance {unknown}
 N - a potion of mutation {unknown}
 T - a potion of heal wounds {unknown}
 V - a potion of cancellation {unknown}
Comestibles
 d - 37 rations


   Skills:
 + Level 10.5 Fighting
 + Level 8.2 Short Blades
 + Level 8.2 Long Blades
 + Level 10.5 Axes
 + Level 8.2 Maces & Flails
 + Level 8.2 Polearms
 + Level 8.2 Staves
 + Level 8.2 Slings
 + Level 8.2 Bows
 + Level 8.2 Crossbows
 + Level 8.7 Throwing
 + Level 9.5 Armour
 + Level 8.2 Dodging
 + Level 8.2 Stealth
 + Level 8.7 Shields
 + Level 8.2 Unarmed Combat
 + Level 8.2 Spellcasting
 + Level 6.9 Conjurations
 + Level 6.9 Hexes
 + Level 6.9 Charms
 + Level 6.9 Summonings
 + Level 6.9 Necromancy
 + Level 6.9 Translocations
 + Level 6.9 Transmutations
 + Level 6.9 Fire Magic
 + Level 6.9 Ice Magic
 + Level 6.9 Air Magic
 + Level 6.9 Earth Magic
 + Level 6.9 Poison Magic
 + Level 9.0 Invocations
 + Level 8.2 Evocations


You had 26 spell levels left.
You knew the following spells:

 Your Spells              Type           Power        Failure   Level  Hunger
a - Throw Frost           Conj/Ice       ####..       1%          2    None


Dungeon Overview and Level Annotations

Branches:
Dungeon (11/15)            Temple (1/1) D:4            Lair (4/6) D:8
 Shoals (0/4) Lair:3       Spider (0/4) Lair:4          Orc (2/2) D:11
    Elf (0/3) Orc:2

Altars:
Ashenzari
Dithmenos
Hepliaklqana
Kikubaaqudgha
Makhleb
Nemelex Xobeh
Okawaru
Ru
Sif Muna
Uskayaw
Vehumet
Wu Jian
Xom
Yredelemnul
Zin
The Shining One
Beogh

Shops:
D:9 [


Innate Abilities, Weirdness & Mutations

Your experience applies equally to all skills.
You have very sharp teeth.
Your uncanny sense of smell can sniff out nearby items.


Message History

* * * LOW HITPOINT WARNING * * *
The freezing wraith misses you.
You continue taking off your +0 large shield.
You block the freezing wraith's attack. x2; The freezing wraith hits you.
* * * LOW HITPOINT WARNING * * *
The freezing wraith freezes you. You resist.
* * * LOW HITPOINT WARNING * * *
The freezing wraith closely misses you.
You finish taking off your +0 large shield.
Unknown command.
There is an ice choked empty arch of ancient stone here.
The freezing wraith completely misses you.
The freezing wraith hits you but does no damage.
There is an ice covered gate leading back out of this place here.
The freezing wraith barely misses you. The freezing wraith misses you.
Welcome back to the Lair of Beasts!
There is a collapsed entrance here.
The freezing wraith completely misses you.
The freezing wraith hits you!
You die...

...(..............P#....
#....#.#....P.รท....# .P
##P..(.#(......<....#...
#.......................
#.....(.....P......#...
#.....................
#.....................
####......W............#.
..........@...#..........
..............#.(....P##.
.....................##
.............(........
.........#..##โ‰ˆโ‰ˆโ‰ˆ##....
.........#### .(.# ##..######
.>(. #.. .# ..


You could see a freezing wraith.

Vanquished Creatures
  4 hydras
  3 two-headed ogres
  Urug (D:10)
  An unseen horror (D:8)
  Pikel (D:8)
  A cyclops (D:11)
  An oklob plant (Lair:2)
  A merfolk siren (Lair:3)
  The ghost of VDreamerV the Changer, a novice OpTm of Cheibriados (D:5)
  Maurice (D:9)
  4 black mambas
  6 spiny frogs
  A gargoyle (D:8)
  5 komodo dragons
  A freezing wraith (IceCv)
  A jumping spider (Lair:4)
  6 trolls
  A queen bee (D:11)
  3 hippogriffs
  3 redbacks (Lair:4)
  2 wraiths (D:11)
  A wyvern (Lair:3)
  A shadow (D:11)
  11 yaks
  Grum (D:9)
  A basilisk (Lair:3)
  6 water moccasins
  5 porcupines
  A slave (D:8)
  2 phantoms
  An alligator simulacrum (IceCv)
  18 ice beasts
  2 sky beasts
  14 orc warriors
  A black bear (D:6)
  3 necrophages
  23 wolves
  12 ogres
  7 centaurs
  Blork the orc (D:5)
  5 crocodiles
  8 bullfrogs
  A gnoll sergeant (D:5)
  A wyvern zombie (D:10)
  2 water moccasin zombies
  3 scorpions
  19 killer bees (D:11)
  An elephant simulacrum (IceCv)
  5 howler monkeys
  4 wights (D:11)
  2 bullfrog zombies
  A centaur zombie (D:11)
  5 hounds
  2 quasits
  2 crimson imps
  2 jellies
  4 bullfrog skeletons
  13 orc priests
  Crazy Yiuf (D:2)
  An iguana (D:5)
  Jessica (D:1)
  A human skeleton (D:3)
  19 orc wizards
  8 worker ants
  2 wolf simulacra (IceCv)
  A killer bee zombie (D:10)
  A hound skeleton (D:7)
  A hound zombie (D:8)
  A worker ant zombie (D:9)
  A howler monkey zombie (D:8)
  Robin (D:2)
  A howler monkey skeleton (D:5)
  8 gnolls (D:5)
  17 adders
  3 shadow imps
  5 white imps (IceCv)
  An ooze (D:1)
  An adder zombie (D:6)
  2 adder skeletons
  2 worms
  3 dart slugs (D:3)
  4 leopard geckos
  77 orcs
  12 bats
  5 giant cockroaches
  15 hobgoblins
  3 jackals
  9 kobolds
  4 ball pythons
  6 frilled lizards
  14 goblins
  A jackal skeleton (D:3)
  A jackal zombie (D:5)
  A quokka zombie (D:7)
  8 rats
  2 butterflies (Lair:3)
  A plant (Lair:3)
484 creatures vanquished.

Vanquished Creatures (others)
  4 fungi (Lair:3)
  4 plants
8 creatures vanquished.

Grand Total: 492 creatures vanquished

Notes
Turn   | Place    | Note
-------+----------+-------------------------------------------
     0 | D:1      | galech the Gnoll Wanderer began the quest for the Orb.
     0 | D:1      | galech set off with: a +2 hand axe, a +0 ring mail, a potion of curing, a ration
     0 | D:1      | Reached XP level 1. HP: 23/23 MP: 1/1
    72 | D:1      | Reached XP level 2. HP: 27/29 MP: 2/2
   437 | D:1      | Reached XP level 3. HP: 35/35 MP: 3/3
   939 | D:2      | Noticed Jessica
   949 | D:1      | Reached skill level 1 in Invocations
   956 | D:1      | Killed Jessica
   956 | D:1      | Reached skill level 1 in Short Blades
   956 | D:1      | Reached skill level 1 in Long Blades
   956 | D:1      | Reached skill level 1 in Maces & Flails
   956 | D:1      | Reached skill level 1 in Polearms
   956 | D:1      | Reached skill level 1 in Staves
   956 | D:1      | Reached skill level 1 in Slings
   956 | D:1      | Reached skill level 1 in Bows
   956 | D:1      | Reached skill level 1 in Crossbows
   956 | D:1      | Reached skill level 1 in Dodging
   956 | D:1      | Reached skill level 1 in Stealth
   956 | D:1      | Reached skill level 1 in Unarmed Combat
   956 | D:1      | Reached skill level 1 in Spellcasting
   956 | D:1      | Reached skill level 1 in Evocations
   956 | D:1      | Reached XP level 4. HP: 22/41 MP: 5/5
  1244 | D:2      | Found a runed door.
  1356 | D:2      | Reached skill level 1 in Conjurations
  1356 | D:2      | Reached skill level 1 in Hexes
  1356 | D:2      | Reached skill level 1 in Charms
  1356 | D:2      | Reached skill level 1 in Summonings
  1356 | D:2      | Reached skill level 1 in Necromancy
  1356 | D:2      | Reached skill level 1 in Translocations
  1356 | D:2      | Reached skill level 1 in Transmutations
  1356 | D:2      | Reached skill level 1 in Fire Magic
  1356 | D:2      | Reached skill level 1 in Ice Magic
  1356 | D:2      | Reached skill level 1 in Air Magic
  1356 | D:2      | Reached skill level 1 in Earth Magic
  1356 | D:2      | Reached skill level 1 in Poison Magic
  1534 | D:2      | Noticed Robin
  1536 | D:2      | Reached XP level 5. HP: 38/47 MP: 6/6
  1543 | D:2      | Killed Robin
  1585 | D:2      | Found a glowing golden altar of the Shining One.
  1707 | D:2      | Found a sacrificial altar of Ru.
  1806 | D:2      | Noticed Crazy Yiuf
  1813 | D:2      | Killed Crazy Yiuf
  2100 | D:3      | Reached XP level 6. HP: 43/53 MP: 8/8
  2262 | D:3      | Found a runed door.
  2262 | D:3      | Noticed a human
  2281 | D:3      | Found a basalt altar of Yredelemnul.
  2720 | D:3      | Found a deep blue altar of Sif Muna.
  2860 | D:4      | Reached skill level 5 in Armour
  2963 | D:4      | Reached XP level 7. HP: 43/59 MP: 10/10
  3349 | D:4      | Got a pair of warped gloves
  3355 | D:4      | Identified the +1 pair of gloves "Qikk" {rC- rN+ Str+3 Dex+4} (You found it on level 4 of the Dungeon)
  3418 | D:4      | Found a staircase to the Ecumenical Temple.
  3427 | Temple   | Entered the Ecumenical Temple
  3498 | Temple   | Became a worshipper of Warmaster Okawaru
  3621 | D:5      | Entered Level 5 of the Dungeon
  3739 | D:5      | Got a twisted quarterstaff
  3745 | D:5      | Identified the +2 quarterstaff of Calamity {freeze, Str+2} (You found it on level 5 of the Dungeon)
  3775 | D:5      | Noticed Blork the orc
  3795 | D:5      | Killed Blork the orc
  3795 | D:5      | Reached * piety under Okawaru
  3795 | D:5      | Reached XP level 8. HP: 45/66 MP: 12/12
  4136 | D:5      | Noticed VDreamerV's ghost (novice OpTm)
  4179 | D:5      | Killed VDreamerV's ghost
  4179 | D:5      | Reached ** piety under Okawaru
  4365 | D:5      | Reached XP level 9. HP: 45/71 MP: 14/14
  5364 | D:5      | Reached skill level 5 in Throwing
  5364 | D:5      | Reached skill level 5 in Shields
  5774 | D:6      | Reached *** piety under Okawaru
  5857 | D:6      | Found a shadowy altar of Dithmenos.
  6490 | D:6      | Reached skill level 5 in Invocations
  6955 | D:6      | Reached XP level 10. HP: 54/79 MP: 15/17
  7929 | D:7      | Reached skill level 5 in Short Blades
  7929 | D:7      | Reached skill level 5 in Long Blades
  7929 | D:7      | Reached skill level 5 in Maces & Flails
  7929 | D:7      | Reached skill level 5 in Polearms
  7929 | D:7      | Reached skill level 5 in Staves
  7929 | D:7      | Reached skill level 5 in Slings
  7929 | D:7      | Reached skill level 5 in Bows
  7929 | D:7      | Reached skill level 5 in Crossbows
  7929 | D:7      | Reached skill level 5 in Dodging
  7929 | D:7      | Reached skill level 5 in Stealth
  7929 | D:7      | Reached skill level 5 in Unarmed Combat
  7929 | D:7      | Reached skill level 5 in Spellcasting
  7929 | D:7      | Reached skill level 5 in Evocations
  7939 | D:7      | Received a gift from Okawaru
  8390 | D:8      | Noticed a two-headed ogre
  8404 | D:8      | Killed a two-headed ogre
  8404 | D:8      | Reached **** piety under Okawaru
  8404 | D:8      | Received a gift from Okawaru
  8427 | D:8      | Found a basalt altar of Yredelemnul.
  9048 | D:8      | Found a staircase to the Lair.
  9156 | D:8      | Noticed Pikel
  9192 | D:8      | Killed Pikel
  9214 | D:8      | Learned a level 2 spell: Throw Frost
  9408 | D:8      | Found a runed door.
  9470 | D:8      | Noticed a gargoyle
  9482 | D:8      | Killed a gargoyle
  9482 | D:8      | Received a gift from Okawaru
  9482 | D:8      | Reached XP level 11. HP: 70/86 MP: 17/19
  9556 | D:8      | Killed an unseen horror
  9604 | D:8      | Got a brightly glowing hunting sling
  9605 | D:8      | Identified the +7 hunting sling of the Aged Friends {venom, Dex+4} (You found it on level 8 of the Dungeon)
 10168 | D:9      | Found a shattered altar of Ashenzari.
 10218 | D:9      | Noticed Grum
 10247 | D:9      | Killed Grum
 10404 | D:9      | Found a burning altar of Makhleb.
 10481 | D:9      | Received a gift from Okawaru
 10489 | D:9      | Reached skill level 5 in Conjurations
 10489 | D:9      | Reached skill level 5 in Hexes
 10489 | D:9      | Reached skill level 5 in Charms
 10489 | D:9      | Reached skill level 5 in Summonings
 10489 | D:9      | Reached skill level 5 in Necromancy
 10489 | D:9      | Reached skill level 5 in Translocations
 10489 | D:9      | Reached skill level 5 in Transmutations
 10489 | D:9      | Reached skill level 5 in Fire Magic
 10489 | D:9      | Reached skill level 5 in Ice Magic
 10489 | D:9      | Reached skill level 5 in Air Magic
 10489 | D:9      | Reached skill level 5 in Earth Magic
 10489 | D:9      | Reached skill level 5 in Poison Magic
 10584 | D:9      | Noticed Maurice
 10594 | D:9      | Killed Maurice
 10649 | D:9      | Found Toechurupp's Antique Armour Boutique.
 10761 | D:9      | Noticed a two-headed ogre
 10768 | D:9      | Killed a two-headed ogre
 10768 | D:9      | Received a gift from Okawaru
 10897 | D:9      | Found a hazy altar of Hepliaklqana.
 10914 | D:10     | Entered Level 10 of the Dungeon
 11014 | D:10     | Noticed Urug
 11032 | D:10     | Killed Urug
 11032 | D:10     | Reached ***** piety under Okawaru
 11132 | D:10     | Received a gift from Okawaru
 11142 | D:10     | Found a roughly hewn altar of Beogh.
 11661 | D:11     | Noticed a two-headed ogre
 11668 | D:11     | Killed a two-headed ogre
 11978 | D:11     | Noticed a cyclops
 11982 | D:11     | Killed a cyclops
 11982 | D:11     | Reached XP level 12. HP: 95/95 MP: 22/22
 12082 | D:11     | Received a gift from Okawaru
 12293 | D:11     | Noticed a six-headed hydra
 12310 | D:11     | Killed a six-headed hydra
 12310 | D:11     | Received a gift from Okawaru
 12657 | D:11     | Found a staircase to the Orcish Mines.
 12989 | Orc:1    | Entered Level 1 of the Orcish Mines
 13040 | Orc:1    | Received a gift from Okawaru
 13439 | Orc:2    | Entered Level 2 of the Orcish Mines
 13439 | Orc:2    | Found a staircase to the Elven Halls.
 13983 | Lair:1   | Entered Level 1 of the Lair of Beasts
 14420 | Lair:1   | Noticed a six-headed hydra
 14425 | Lair:1   | Killed a six-headed hydra
 14562 | Lair:1   | Noticed an eight-headed hydra
 14569 | Lair:1   | Killed an eight-headed hydra
 15050 | Lair:2   | Reached skill level 10 in Fighting
 15050 | Lair:2   | Reached skill level 10 in Axes
 15192 | Lair:2   | Received a gift from Okawaru
 15583 | Lair:2   | Reached XP level 13. HP: 102/102 MP: 24/24
 15702 | Lair:2   | Reached ****** piety under Okawaru
 15702 | Lair:2   | Received a gift from Okawaru
 16196 | Lair:2   | You fall through a shaft!
 16502 | Lair:3   | Received a gift from Okawaru
 16950 | Lair:3   | Found a staircase to the Shoals.
 17472 | Lair:4   | Found a frozen archway.
 17580 | Lair:4   | Found a hole to the Spider Nest.
 17685 | IceCv    | Entered an ice cave
 17970 | IceCv    | HP: 5/104 [freezing wraith (3)]
 17970 | IceCv    | HP: 2/104 [freezing wraith (3)]
 17976 | Lair:4   | Mangled by a freezing wraith

Vault maps used:
D:1:      onia_arrival_handbag, corner_web_ring
D:2:      nicolae_ru_path_of_blood, nicolae_tso_swordbearing_angel,
          hangedman_feature_mirror, grunt_ministairs_14,
          uniq_crazy_yiuf_cottage, uniq_jessica, uniq_robin
D:3:      overflow_temple_1_default, first_ration, minmay_misc_feat_ornament,
          dk_yredelemnul_ordeal
D:4:      lemuel_temple_firewalk_b
D:5:      uniq_blork_the_orc
D:6:      lemuel_round_altar
D:8:      lemuel_crystal_altar, lair_entry_dummy, minmay_misc_feat_pillars,
          wad_hexagon, uniq_pikel
D:9:      lemuel_coloured_pillars_altar, nicolae_overflow_hidden_temple,
          ashenzari_altar_1, serial_shops, nicolae_shop_behind_doors,
          uniq_maurice, uniq_grum
D:10:     special_room, uniq_urug
D:11:     orc_0_dummy, david_nohive_1
Temple:   eino_temple_water
Lair:1:   beast_lair_carwin_2, grunt_megastairs_3, infiniplex_staircase_pool,
          lemuel_fruit_tree
Lair:2:   lemuel_fruit_fields, minmay_lair_oklob_chamber
Lair:3:   minmay_shoals_entry_lonely_mermaid, lemuel_fruit_fields,
          grunt_megastairs_2, serial_bayou_shore_a, lemuel_fruit_fields,
          serial_bayou_shore_b
Lair:4:   nicolae_spider_entry_tight_spaces, portal_ice_cave_entry_ice_beasts,
          grunt_megastairs_1
Orc:1:    nicolae_orc_damp_corner, mines_bat_river
Orc:2:    st_orc_elflike
IceCv:    ice_cave_small_necro

Skill      XL: |  1  2  3  4  5  6  7  8  9 10 11 12 13 |
---------------+----------------------------------------+-----
Invocations    | 1 2 3 4 5 6 7 8 9 |  9.0
Short Blades   | 1 2 3 4 5 6 7 8 |  8.2
Long Blades    | 1 2 3 4 5 6 7 8 |  8.2
Maces & Flails | 1 2 3 4 5 6 7 8 |  8.2
Polearms       | 1 2 3 4 5 6 7 8 |  8.2
Staves         | 1 2 3 4 5 6 7 8 |  8.2
Slings         | 1 2 3 4 5 6 7 8 |  8.2
Bows           | 1 2 3 4 5 6 7 8 |  8.2
Crossbows      | 1 2 3 4 5 6 7 8 |  8.2
Dodging        | 1 2 3 4 5 6 7 8 |  8.2
Stealth        | 1 2 3 4 5 6 7 8 |  8.2
Unarmed Combat | 1 2 3 4 5 6 7 8 |  8.2
Spellcasting   | 1 2 3 4 5 6 7 8 |  8.2
Evocations     | 1 2 3 4 5 6 7 8 |  8.2
Conjurations   | 1 2 3 4 5 6 |  6.9
Hexes          | 1 2 3 4 5 6 |  6.9
Charms         | 1 2 3 4 5 6 |  6.9
Summonings     | 1 2 3 4 5 6 |  6.9
Necromancy     | 1 2 3 4 5 6 |  6.9
Translocations | 1 2 3 4 5 6 |  6.9
Transmutations | 1 2 3 4 5 6 |  6.9
Fire Magic     | 1 2 3 4 5 6 |  6.9
Ice Magic      | 1 2 3 4 5 6 |  6.9
Air Magic      | 1 2 3 4 5 6 |  6.9
Earth Magic    | 1 2 3 4 5 6 |  6.9
Poison Magic   | 1 2 3 4 5 6 |  6.9
Throwing       | 3 4 5 6 7 8 |  8.7
Shields        | 3 4 5 6 7 8 |  8.7
Armour         | 5 6 7 8 9 |  9.5
Fighting       | 7 8 9 10 | 10.5
Axes           | 7 8 9 10 | 10.5

Action                   |  1- 3 |  4- 6 |  7- 9 | 10-12 | 13-15 || total
-------------------------+-------+-------+-------+-------+-------++-------
Melee: Hand axe          |    70 |   188 |   384 |   318 |       ||   960
       Bite              |     4 |    14 |    53 |    56 |    28 ||   155
       Hunting sling     |       |       |       |       |    87 ||    87
 Fire: Hunting sling     |       |       |       |   569 |   359 ||   928
Invok: Heroism           |       |       |     2 |     3 |     1 ||     6
Evoke: Wand              |       |       |       |     1 |       ||     1
  Use: Scroll            |       |       |       |    11 |       ||    11
       Potion            |       |       |       |       |     9 ||     9
 Stab: Sleeping          |       |       |     2 |       |       ||     2
  Eat: Chunk             |       |     7 |    13 |    20 |     2 ||    42
       Ration            |       |       |       |     2 |     2 ||     4
Armor: Ring mail         |    20 |    51 |    89 |       |       ||   160
       Plate armour      |       |       |       |   235 |    78 ||   313
       Robe              |       |       |       |     3 |    23 ||    26
Dodge: Dodged            |    17 |    36 |    90 |   101 |   112 ||   356
Block: Large shield      |    51 |   112 |   322 |   442 |   284 ||  1211

Table legend:
 A = Spawn XP
 B = Non-spawn XP
 C = Spawn XP percentage of total XP
 D = Spawn monster count
 E = Non-spawn monster count
 F = Spawn count percentage of total count
 G = Total turns spent on level
                    A         B        C        D         E        F      G
               +---------+---------+-------+---------+---------+-------+---------
         Total |       0 |   44435 |   0.0 |       0 |     480 |   0.0 | 17976
               +---------+---------+-------+---------+---------+-------+---------
           D:1 |       0 |      88 |   0.0 |       0 |      32 |   0.0 |  1084
           D:2 |       0 |     141 |   0.0 |       0 |      38 |   0.0 |   781
           D:3 |       0 |     207 |   0.0 |       0 |      21 |   0.0 |   973
           D:4 |       0 |     370 |   0.0 |       0 |      16 |   0.0 |   766
           D:5 |       0 |    2181 |   0.0 |       0 |      45 |   0.0 |  2053
           D:6 |       0 |    1795 |   0.0 |       0 |      39 |   0.0 |  1691
           D:7 |       0 |    1074 |   0.0 |       0 |      18 |   0.0 |  1084
           D:8 |       0 |    4298 |   0.0 |       0 |      38 |   0.0 |  1644
           D:9 |       0 |    3222 |   0.0 |       0 |      24 |   0.0 |   778
          D:10 |       0 |    1669 |   0.0 |       0 |      36 |   0.0 |   727
          D:11 |       0 |    6879 |   0.0 |       0 |      53 |   0.0 |  1402
        Lair:1 |       0 |    4178 |   0.0 |       0 |      13 |   0.0 |  1026
        Lair:2 |       0 |    5872 |   0.0 |       0 |      29 |   0.0 |  1286
        Lair:3 |       0 |    6069 |   0.0 |       0 |      25 |   0.0 |  1177
        Lair:4 |       0 |    2928 |   0.0 |       0 |      14 |   0.0 |   214
         Orc:1 |       0 |    1251 |   0.0 |       0 |      12 |   0.0 |   712
         Orc:2 |       0 |     911 |   0.0 |       0 |      12 |   0.0 |   197
         IceCv |       0 |    1302 |   0.0 |       0 |      15 |   0.0 |   290
               +---------+---------+-------+---------+---------+-------+---------
